 Dungeon Crawl Stone Soup version 0.19.0-22-gd96e5fe (webtiles) character file.

4501 Monsterracer the Basher (level 10, -1/84 HPs)
             Began as a Minotaur Chaos Knight on Nov 17, 2016.
             Was a Follower of Trog.
             Killed by an exploding ball lightning (6 damage)
             ... summoned by the meddling of Cheibriados
             ... while paralysed
             ... on level 6 of the Dungeon on Nov 18, 2016.
             The game lasted 00:27:11 (5311 turns).

Monsterracer the Basher (Minotaur Chaos Knight)     Turns: 5311, Time: 00:27:11

Health: -1/84      AC: 18    Str: 17    XL:     10   Next: 16%
Magic:  9/9        EV:  2    Int: 13    God:    Trog [*.....]
Gold:   375        SH:  0    Dex: 18    Spells: 1 memorised, 8 levels left

rFire  . . .     SeeInvis .     A - +0 mace (protect)
rCold  . . .     Gourm    .     d - +1 chain mail {rPois}
rNeg   . . .     Faith    +     (no shield)
rPois  +         Spirit   .     (helmet restricted)
rElec  .         Reflect  .     y - +1 cloak
rCorr  .         Harm     .     H - +0 pair of gloves "Biovi" {Dex+5} (curse)
MR     .....                    s - +0 pair of boots
Stlth  ..........               E - amulet of faith
                                j - +4 ring of intelligence
                                i - +5 ring of evasion

@: paralysed, fainting, very slow
A: retaliatory headbutt, horns 2, frail 1
a: Berserk, Burn Spellbooks, Renounce Religion


You were on level 6 of the Dungeon.
You worshipped Trog.
Trog was aware of your devotion.
You were fainting.

You visited 1 branch of the dungeon, and saw 6 of its levels.

You collected 375 gold pieces.

Inventory:

Hand Weapons
 a - a +1 mace of chaos
 A - a +0 mace of protection (weapon)
Armour
 d - a +1 chain mail of poison resistance (worn)
 e - a +0 pair of gloves
 h - a +0 large shield
 s - a +0 pair of boots (worn)
 y - a +1 cloak (worn)
 G - a +1 ring mail of fire resistance
 H - the cursed +0 pair of gloves "Biovi" (worn) {Dex+5}
   (You found it on level 6 of the Dungeon)

   It affects your dexterity (+5).
   It has a curse placed upon it.
Jewellery
 i - a +5 ring of evasion (left hand)
 j - a +4 ring of intelligence (right hand)
 E - an amulet of faith (around neck)
Wands
 v - a wand of heal wounds (6/9)
Scrolls
 b - 4 scrolls of identify
 f - 2 scrolls of immolation {unknown}
 g - a scroll of teleportation {unknown}
 k - 2 scrolls of magic mapping {unknown}
 m - 3 scrolls of remove curse {unknown}
 n - 2 scrolls of blinking {unknown}
 q - 2 scrolls of fog {unknown}
 t - a scroll of enchant weapon
 u - 4 scrolls of noise {unknown}
 w - 2 scrolls of random uselessness {unknown}
 B - a scroll of recharging {unknown}
 C - a scroll of enchant armour {unknown}
 F - a scroll of fear {unknown}
Potions
 r - a potion of haste
 z - 2 potions of resistance
Comestibles
 c - 5 bread rations
 l - 5 fruits
 o - 9 meat rations
 p - a royal jelly
 x - a beef jerky
 D - 2 slices of pizza
 I - a chunk of flesh


   Skills:
 * Level 10.4 Fighting
 - Level 14.1 Maces & Flails
 * Level 10.2 Armour
 - Level 1.1 Dodging


You had 8 spell levels left.
You knew the following spells:

 Your Spells              Type           Power        Failure   Level  Hunger
a - Summon Small Mammal   Summ           #...         100%        1    ##.....


Dungeon Overview and Level Annotations

Branches:
Dungeon (6/15)             Temple (0/1) D:6

Altars:
Cheibriados
Dithmenos
Elyvilon
Fedhas
Kikubaaqudgha
Nemelex Xobeh
Ru
Trog
Xom


Innate Abilities, Weirdness & Mutations

You reflexively headbutt those who attack you in melee.
You have a pair of horns on your head.
You are frail. (-10% HP)


Message History

The centaur zombie hits you.
* * * LOW HITPOINT WARNING * * *
The centaur zombie hits you but does no damage.
The hill giant zombie hits you!
* * * LOW HITPOINT WARNING * * *
The centaur zombie hits you but does no damage.
The hill giant zombie hits you but does no damage.
The centaur zombie hits you but does no damage.
The centaur zombie hits you but does no damage.
The hill giant zombie hits you but does no damage.
Cheibriados adjusts the clock.
A ball of electricity appears!
A ball lightning comes into view.
The centaur zombie hits you but does no damage.
The centaur zombie hits you.
* * * LOW HITPOINT WARNING * * *
The ball lightning explodes!
The blast of lightning engulfs the hill giant zombie.
The blast of lightning engulfs you!
You die...

########..(..........## #...)....
..........(...........# ##.(....#
#.....#...(...........####.######
.####....................((#
.........)............###.##
###...................# #.#
.......))............## #.#
###...........#ZZ...## #.#
##..).)######.@##.#####.###
#.......# ##............#
#.......# #......##....#
###.......# #......##....#
..##.....## #......#######
#..).....# #......# ########.....
........# #########......#
#......#


You could see a centaur zombie and a hill giant zombie.

Vanquished Creatures
  A hill giant (D:6)
  Pikel (D:5)
  The ghost of Enish the Chopper, a novice MiBe of Trog (D:5)
  A gargoyle (D:5)
  Eustachio (D:5)
  An orc warrior (D:6)
  3 slaves (D:5)
  A sky beast (D:6)
  A phantom (D:5)
  2 centaurs (D:6)
  Blork the orc (D:5)
  A bullfrog (D:6)
  A crimson imp (D:6)
  A quasit (D:6)
  2 hounds (D:6)
  2 orc priests
  A gnoll shaman (D:5)
  6 orc wizards
  A worker ant (D:6)
  A hound skeleton (D:4)
  The ghost of asdu the Magician, a weakling DEFE of Vehumet (D:4)
  7 gnolls
  11 adders
  2 shadow imps (D:6)
  2 adder zombies (D:6)
  A worm (D:2)
  9 dart slugs
  2 leopard geckos
  15 orcs
  7 bats
  3 giant cockroaches
  7 goblins
  3 hobgoblins
  13 jackals
  3 quokkas
  2 ball pythons
  2 frilled lizards
  3 kobolds
  11 rats
134 creatures vanquished.

Vanquished Creatures (collateral kills)
  A bullfrog (D:6)
  2 kobolds (D:2)
3 creatures vanquished.

Vanquished Creatures (others)
  A slave (D:5)
  A human (D:4)
  A gnoll (D:5)
3 creatures vanquished.

Grand Total: 140 creatures vanquished

Notes
Turn   | Place    | Note
-------+----------+-------------------------------------------
     0 | D:1      | Monsterracer the Minotaur Chaos Knight began the quest for the Orb.
     0 | D:1      | Reached XP level 1. HP: 19/19 MP: 0/0
    23 | D:1      | XOM: harmless Ice miscast
   177 | D:1      | XOM: medium Conj miscast
   183 | D:1      | Reached skill level 4 in Maces & Flails
   552 | D:1      | Reached XP level 2. HP: 25/26 MP: 1/1
   920 | D:2      | Reached skill level 5 in Maces & Flails
   935 | D:2      | Reached XP level 3. HP: 31/31 MP: 2/2
   950 | D:2      | Upgraded the game from 0.19.0-20-gbc5f0c6 to 0.19.0-22-gd96e5fe
  1063 | D:2      | XOM: fake destruction
  1142 | D:2      | XOM: god gift: scroll labeled NYNGUD OKKEE {god gift}
  1357 | D:2      | XOM: 2-stop teleportation journey
  1435 | D:2      | XOM: god gift: 5 meat rations
  1472 | D:2      | Found a shadowy altar of Dithmenos.
  1478 | D:2      | XOM: divination: detect creatures
  1515 | D:3      | Reached XP level 4. HP: 28/39 MP: 3/3
  1517 | D:3      | XOM: polymorph kobold -> rat
  1523 | D:3      | Reached skill level 6 in Maces & Flails
  2118 | D:3      | XOM: god gift: ring mail {god gift}
  2253 | D:3      | XOM: god gift: ivory wand {god gift}
  2439 | D:3      | Reached XP level 5. HP: 45/45 MP: 4/4
  2484 | D:3      | Reached skill level 7 in Maces & Flails
  2601 | D:3      | Found a blossoming altar of Fedhas.
  2822 | D:3      | XOM: harmless Conj miscast
  3215 | D:4      | Noticed asdu's ghost (weakling DEFE)
  3217 | D:4      | Killed asdu's ghost
  3257 | D:4      | XOM: noise
  3466 | D:4      | Found an ancient bone altar of Kikubaaqudgha.
  3467 | D:4      | Noticed a human
  3469 | D:4      | Killed a human
  3508 | D:4      | XOM: smoke on damage
  3614 | D:5      | Entered Level 5 of the Dungeon
  3614 | D:5      | Noticed Blork the orc
  3621 | D:5      | Killed Blork the orc
  3621 | D:5      | Reached XP level 6. HP: 50/52 MP: 5/5
  3658 | D:5      | Learned a level 1 spell: Summon Small Mammal
  3660 | D:5      | Found a sacrificial altar of Ru.
  3756 | D:5      | Noticed a slave
  3757 | D:5      | Noticed a slave
  3757 | D:5      | Noticed Pikel
  3763 | D:5      | XOM: confuse monster(s)
  3764 | D:5      | Noticed a slave
  3766 | D:5      | Noticed a slave
  3769 | D:5      | Killed a slave
  3780 | D:5      | Killed a slave
  3787 | D:5      | XOM: confuse monster(s)
  3790 | D:5      | Killed a slave
  3810 | D:5      | Killed Pikel
  3810 | D:5      | Reached skill level 5 in Fighting
  3810 | D:5      | Reached skill level 9 in Maces & Flails
  3810 | D:5      | Reached XP level 7. HP: 58/61 MP: 6/6
  3843 | D:5      | Noticed Enish's ghost (novice MiBe)
  3843 | D:5      | XOM: cast spell 'Summon Butterflies'
  3855 | D:5      | XOM: confuse monster(s)
  3860 | D:5      | XOM: confuse monster(s)
  3864 | D:5      | XOM: enchant monster (good)
  3869 | D:5      | Killed Enish's ghost
  3869 | D:5      | Reached skill level 5 in Armour
  3869 | D:5      | Reached XP level 8. HP: 70/70 MP: 7/7
  3894 | D:5      | XOM: mild Summ miscast
  3968 | D:5      | Noticed a gargoyle
  3976 | D:5      | XOM is BORED!
  3976 | D:5      | XOM: summons 3 hostile demons
  3989 | D:5      | Reached skill level 10 in Maces & Flails
  4002 | D:5      | XOM: confuse monster(s)
  4020 | D:5      | Noticed Eustachio
  4027 | D:5      | XOM: enchant monster (good)
  4033 | D:5      | HP: 3/70 [gargoyle/flail (6)]
  4036 | D:5      | XOM: confuse monster(s)
  4040 | D:5      | Killed a gargoyle
  4057 | D:5      | Killed Eustachio
  4477 | D:6      | Found a staircase to the Ecumenical Temple.
  4507 | D:6      | Noticed a hill giant
  4509 | D:6      | XOM: confuse monster(s)
  4510 | D:6      | XOM: summons 2 friendly demons
  4518 | D:6      | XOM: potion effect (experience)
  4518 | D:6      | Reached skill level 13 in Maces & Flails
  4518 | D:6      | Reached XP level 9. HP: 85/85 MP: 8/8
  4525 | D:6      | XOM: enchant monster (good)
  4542 | D:6      | XOM: divination: detect items
  4551 | D:6      | Killed a hill giant
  4551 | D:6      | Reached skill level 10 in Fighting
  4551 | D:6      | Reached skill level 14 in Maces & Flails
  4551 | D:6      | Reached XP level 10. HP: 28/93 MP: 9/9
  4933 | D:6      | XOM: smoke on damage
  4941 | D:6      | Reached skill level 10 in Armour
  5000 | D:6      | XOM: give mutation
  5000 | D:6      | Gained mutation: You are frail. (-10% HP) [Xom's mischief]
  5012 | D:6      | Found a white marble altar of Elyvilon.
  5012 | D:6      | Found a faded altar of an unknown god.
  5018 | D:6      | Found a faded altar of an unknown god.
  5020 | D:6      | Found a faded altar of an unknown god.
  5022 | D:6      | Found a faded altar of an unknown god.
  5027 | D:6      | XOM: scenery: create altars
  5031 | D:6      | Fell from the grace of Xom
  5031 | D:6      | Became a worshipper of Nemelex Xobeh the Trickster
  5031 | D:6      | Received a gift from Nemelex Xobeh
  5031 | D:6      | Reached * piety under Nemelex Xobeh
  5040 | D:6      | Fell from the grace of Nemelex Xobeh
  5040 | D:6      | Became a worshipper of Cheibriados the Contemplative
  5040 | D:6      | Reached * piety under Cheibriados
  5042 | D:6      | Fell from the grace of Cheibriados
  5042 | D:6      | Became a worshipper of Kikubaaqudgha
  5042 | D:6      | Reached * piety under Kikubaaqudgha
  5042 | D:6      | Identified Kikubaaqudgha's Guide on Darkness (Kikubaaqudgha gifted it to you on level 6 of the Dungeon)
  5042 | D:6      | Received a gift from Kikubaaqudgha
  5054 | D:6      | Fell from the grace of Kikubaaqudgha
  5054 | D:6      | Became a worshipper of Trog the Wrathful
  5054 | D:6      | Reached * piety under Trog
  5170 | D:6      | Got a pair of bloodstained gloves
  5181 | D:6      | Identified the cursed +0 pair of gloves "Biovi" {Dex+5} (You found it on level 6 of the Dungeon)
  5304 | D:6      | Paralysed by fainting for 11 turns
  5311 | D:6      | Killed by an exploding ball lightning

Skill      XL: |  1  2  3  4  5  6  7  8  9 10 |
---------------+-------------------------------+-----
Maces & Flails | 4 5 6 7 9 13 14 | 14.1
Fighting       | 4 5 9 10 | 10.4
Armour         | 3 4 5 9 10 | 10.2
Dodging        | |  1.1

Action                   |  1- 3 |  4- 6 |  7- 9 | 10-12 || total
-------------------------+-------+-------+-------+-------++-------
Melee: Mace              |    91 |   157 |   145 |    87 ||   480
       Headbutt          |    11 |    23 |    34 |    17 ||    85
Invok: Burn Spellbooks   |       |       |       |     1 ||     1
Evoke: Wand              |       |       |     1 |       ||     1
  Use: Scroll            |     1 |     1 |       |       ||     2
       Potion            |       |     5 |     2 |     1 ||     8
 Stab: Paralysed         |       |     2 |     7 |       ||     9
       Confused          |       |     1 |     1 |       ||     2
  Eat: Chunk             |     1 |     8 |     2 |     4 ||    15
Armor: Chain mail        |    40 |    52 |    99 |    59 ||   250
       Leather armour    |     3 |       |       |       ||     3
Dodge: Dodged            |    63 |   121 |   101 |    48 ||   333
